 Dungeon Crawl Stone Soup version 0.18.1-48-g4cf74bf (webtiles) character file.

70 poirepourri the Conjurer (level 4, 33/33 HPs)
             Began as a Draconian Conjurer on July 5, 2016.
             Quit the game on level 2 of the Dungeon.
             The game lasted 00:03:48 (3256 turns).

poirepourri the Conjurer (Draconian Conjurer)       Turns: 3256, Time: 00:03:49

Health: 33/33      AC:  5    Str: 10    XL:     4   Next: 3%
Magic:  7/7        EV: 12    Int: 17    God:
Gold:   60         SH:  0    Dex: 11    Spells: 2 memorised, 5 levels left

rFire  . . .     SeeInvis .     f - +0 short sword
rCold  . . .     Gourm    .     (armour unavailable)
rNeg   . . .     Faith    .     (no shield)
rPois  .         Spirit   .     (helmet restricted)
rElec  .         Dismiss  .     (no cloak)
rCorr  .         Reflect  .     (no gloves)
SustAt .         Harm     .     (no boots)
MR     .....                    (no amulet)
Stlth  ++........               (no ring)
                                (no ring)

@: not resistant to hostile enchantments, unstealthy
A: unfitting armour, cold-blooded, AC +5
a: no special abilities


You were on level 2 of the Dungeon.
You were not hungry.

You visited 1 branch of the dungeon, and saw 2 of its levels.

You collected 60 gold pieces.

Inventory:

Hand Weapons
 f - a +0 short sword (weapon)
Scrolls
 c - 3 scrolls of amnesia
 e - 2 scrolls of recharging
 i - a scroll of identify
Potions
 h - a potion of brilliance {unknown}
Books
 a - a book of Conjurations

   Spells                             Type                      Level
   a - Magic Dart                     Conjuration                  1
   b - Searing Ray                    Conjuration                  2
   c - Dazzling Spray                 Conjuration/Hexes            3
   d - Fulminant Prism                Conjuration/Hexes            4
   e - Iskenderun's Mystic Blast      Conjuration                  4
   f - Iskenderun's Battlesphere      Conjuration/Charms           5
Comestibles
 b - a bread ration
 d - 2 beef jerkies
 g - 5 fruits


   Skills:
 - Level 2.3 Dodging
 + Level 2.1 Stealth
 + Level 2.5 Spellcasting
 + Level 4.8 Conjurations


You had 5 spell levels left.
You knew the following spells:

 Your Spells              Type           Power        Failure   Level  Hunger
a - Magic Dart            Conj           ###.         2%          1    #......
b - Searing Ray           Conj           ###...       4%          2    ##.....


Dungeon Overview and Level Annotations

Branches:
Dungeon (2/15)

Altars:


Innate Abilities, Weirdness & Mutations

Your plain brown scales are hard (AC +5).
Your body does not fit into most forms of armour.
You are cold-blooded and may be slowed by cold attacks.


Message History

Done exploring.
You see here a robe.
Done exploring.
Done exploring.
Done exploring.
Done exploring.
As you read the scroll labeled KOGULL JALI, it crumbles to dust.
It is a scroll of amnesia.
Forget which spell ([?*] list [ESC] exit)?
Forget which spell ([?*] list [ESC] exit)?
Okay, then.
Read which item? (? for menu, Esc to quit)
As you read the scroll labeled JOUT ESULUT, it crumbles to dust.
It is a scroll of recharging.
You aren't carrying any rechargeable items.
Done exploring.
Done exploring.
Done exploring.
Done exploring.
Are you sure you want to abandon this character and quit the game? (Confirm with "yes".)

########### .##.......#
......#.###########
....#.#.##........#
......#.##.....[@.#######
...##...##..............# ###
....###.................# #.#
............######......# #.#
.................)..>...###.####
#...###.....######.............#
#.#.###...(## #.......##..#.##
#.#.......## #.......##..#...
....#####'##### ###.....##..#.##


There were no monsters in sight!

Vanquished Creatures
  3 adders (D:2)
  A dart slug (D:1)
  2 giant geckos (D:2)
  6 bats
  3 giant cockroaches
  3 goblins
  5 hobgoblins
  7 kobolds
  A quokka (D:2)
  A ball python (D:1)
  A giant newt (D:2)
  4 rats
37 creatures vanquished.

Notes
Turn   | Place    | Note
--------------------------------------------------------------
     0 | D:1      | poirepourri the Draconian Conjurer began the quest for the Orb.
     0 | D:1      | Reached XP level 1. HP: 14/14 MP: 3/3
  1127 | D:1      | Reached XP level 2. HP: 20/20 MP: 3/5
  2168 | D:1      | Learned a level 2 spell: Searing Ray
  2248 | D:2      | Reached XP level 3. HP: 18/26 MP: 1/6
  3119 | D:2      | Reached XP level 4. HP: 33/33 MP: 3/7
  3256 | D:2      | Quit the game

Skill      XL: |  1  2  3 |
---------------+----------+-----
Dodging        | 2 |  2.3
Stealth        | 2 |  2.1
Spellcasting   | |  2.5
Conjurations   | |  4.8

Action                   |  1- 3 |  4- 6 || total
-------------------------+-------+-------++-------
Melee: Unarmed           |     8 |       ||     8
       Tailslap          |     2 |       ||     2
       Short sword       |    22 |       ||    22
 Cast: Magic Dart        |    82 |     2 ||    84
  Use: Scroll            |     3 |     2 ||     5
       Potion            |     1 |       ||     1
  Eat: Bread ration      |     2 |       ||     2
Armor: Skin              |    25 |       ||    25
Dodge: Dodged            |    56 |       ||    56
